Unix NetHack Version 5.0.0-0 post-release - last build May 23 2026 06:08:33 (1c0ff79ee797540d5714e4e18072db0edd9e58ae,branch:main).

Game began 2026-05-12 02:49:58, ended 2026-05-30 04:43:04.

Gadzook, neutral male human Wizard

                                 4   5
                                   ---------
                                   |.a...a.|
                                 4 |.......|                  ------
                                   |a.%@..%|                  |......
                                  5|.a.%%a.|3    ----- ---   --..---------
                                | 4|..a...a|5 | --...... -- --...|%%.%...|
                                |1 ----|---- .|--...)[....---....|%......|
                                |......a%.).).||.....% ...%%....%)%%%_%..|
                                ---.5.$)1.%4--- -..%......---..%.|.%%%...|
                                  -----A-----    -.....%.-- --...|.......|
                                   -..5144.--    ----%----   --..---------
                                  -.1141%411--------...------ |.......
                                  ....4  ....|..............| -----
                                  -....%%...--.......=......|
                                   -.......--......%........|
                                    ---/----.....)%.........|
                                 ........%..................|
                                    -------------------------
Gadzook the Mage          St:18/92 Dx:22 Co:18 In:18 Wi:18 Ch:15  Neutral
Astral Plane $:1  HP:146(230) Pw:17(474) AC:-30 Xp:30/100056847 T:74906 

Latest messages:
 The high priest of Thoth hits!
 The high priest of Thoth kicks!
 The high priest of Thoth casts a spell at you!
 Your body is covered with painful wounds!
 The high priest of Thoth points all around, then curses.
 The high priest of Thoth swings his mace.
 The high priest of Thoth misses!
 The high priest of Thoth misses!
 The high priest of Thoth points all around, then curses.
 The high priest of Thoth points at you, then curses.
 You hit the high priest of Thoth!
 You hit the high priest of Thoth!
 The invisible Angel of Moloch swings his long sword at it.
 The invisible Angel of Moloch hits it.
 The invisible Angel of Moloch swings his long sword at it.
 The invisible Angel of Moloch misses it.
 The invisible Angel of Moloch misses it.
 Your displaced image doesn't fool the high priest of Thoth!
 The high priest of Thoth swings his mace.
 The high priest of Thoth hits!
 The high priest of Thoth kicks!
 The high priest of Thoth points at you, then curses.
 The high priest of Thoth points at you, then curses.
 The high priest of Thoth swings his mace.
 The high priest of Thoth hits!
 The high priest of Thoth kicks!
 The high priest of Thoth points at you, then curses.
 The high priest of Thoth points at you, then curses.
 You kill the high priest of Thoth!
 You murderer!
 The invisible Angel of Moloch swings his long sword at it.
 The invisible Angel of Moloch hits it.
 The invisible Angel of Moloch swings his long sword at it.
 The invisible Angel of Moloch hits it.
 The invisible Angel of Moloch hits it.
 There is a high altar to Thoth (neutral) here.
 There are several objects here.
 #
 What do you want to sacrifice? [f or ?*]
 You offer the Amulet of Yendor to Thoth...
 An invisible choir sings, and you are bathed in radiance...
 The voice of Thoth booms: "Mortal, thou hast done well!"
 "In return for thy service, I grant thee the gift of Immortality!"
 You ascend to the status of Demigod...
 Do you want your possessions identified? [ynq] (y)
 Do you want to see your attributes? [ynq] (y)
 Do you want an account of creatures vanquished? [ynaq] (y)
 Do you want a list of species genocided and extinct? [ynaq] (y)
 Do you want to see your conduct and achievements? [ynq] (y)
 Do you want to see the dungeon overview? [ynq] (y)

Inventory:
 Coins    ('$')
  $ - a gold piece
 Amulets  ('"')
  I - the blessed Eye of the Aethiopica (wielded)
 Weapons  (')')
  Q - 15 blessed fireproof +7 elven daggers (at the ready)
  U - the blessed rustproof +3 Magicbane (alternate weapon; not wielded)
  w - a blessed +6 silver saber
 Armor    ('[')
  b - a blessed fireproof +6 elven leather helm (being worn)
  r - a blessed fireproof +4 pair of gauntlets of dexterity (being worn)
  q - a blessed fireproof +4 pair of speed boots (being worn)
  y - a blessed fireproof +4 cloak of displacement (being worn)
  Y - an uncursed +4 Hawaiian shirt with a palm tree motif (being worn)
  c - a blessed rotproof +5 silver dragon scale mail (being worn)
 Comestibles  ('%')
  V - 3 blessed K-rations
 Spellbooks  ('+')
  S - the uncursed Book of the Dead
 Potions  ('!')
  O - a blessed potion of full healing
 Rings    ('=')
  g - a blessed ring of conflict (on left hand)
  e - a blessed ring of free action (on right hand)
  u - a blessed ring of levitation
  P - a blessed +4 ring of protection
 Wands    ('/')
  m - a wand of digging (0:5)
  t - a wand of lightning (0:5)
 Tools    ('(')
  M - a blessed greased bag of holding containing 41 items
  K - the Bell of Opening (0:1)
  E - a can of grease (0:18)
  l - the uncursed Candelabrum of Invocation (0 of 7 candles attached)
  H - the blessed Eyes of the Overworld (being worn)
  J - a blessed skeleton key
  A - a tinning kit (0:42)
  L - a blessed wet towel
  s - a blessed +0 unicorn horn
 Gems/Stones  ('*')
  a - a blessed luckstone

Contents of the bag of holding:
  an uncursed amulet of life saving
  18 blessed fireproof +7 elven daggers
  a blessed fireproof +4 pair of jumping boots
  a blessed +3 cloak of magic resistance
  26 blessed K-rations
  11 blessed scrolls of blank paper
  5 blessed scrolls of charging
  3 blessed scrolls of genocide
  2 blessed scrolls of gold detection
  a cursed scroll of magic mapping
  3 blessed scrolls of scare monster
  an uncursed potion of extra healing
  6 blessed potions of full healing
  an uncursed potion of full healing
  4 blessed potions of paralysis
  an uncursed potion of speed
  8 potions of holy water
  a blessed ring of free action
  a blessed ring of levitation
  an uncursed ring of regeneration
  a blessed ring of slow digestion
  a wand of cold (0:6)
  a wand of create monster (0:15)
  a wand of digging (0:8)
  a wand of digging (0:8)
  a wand of digging (0:7)
  a wand of fire (0:7)
  a wand of fire (0:0)
  a wand of lightning (0:5)
  a blessed wand of secret door detection (0:11)
  a wand of teleportation (0:8)
  a wand of teleportation (0:7)
  a wand of teleportation (0:5)
  a wand of wishing (0:1)
  an uncursed bugle
  a magic marker (1:30)
  a rusty +0 pick-axe
  2 uncursed tallow candles
  a blessed +0 unicorn horn
  10 uncursed diamonds
  a blessed luckstone

Gadzook the Wizard's attributes:

Background:
 You were a Mage, a level 30 male human Wizard.
 You were neutral, on a mission for Thoth
 who was opposed by Ptah (lawful) and Anhur (chaotic).
 You were right-handed.
 You were in the endgame, on the Astral Plane.
 You entered the dungeon 74906 turns ago.
 It was nighttime.
 You had 100056847 experience points.

Basics:
 You had 146 out of 230 hit points.
 You had 17 out of 474 energy points (spell power).
 Your armor class was -30.
 Your wallet contained 1 zorkmid.
 Autopickup was off.

Final Characteristics:
 Your strength was 18/92 (limit:18/100).
 Your dexterity was 22 (base:18, innate limit:18).
 Your constitution was 18 (limit:18).
 Your intelligence was 18 (limit:18).
 Your wisdom was 18 (limit:18).
 Your charisma was 15 (limit:18).

Final Status:
 You weren't hungry.
 You were unencumbered.
 You were wielding an amulet.

Final Attributes:
 You were the Envoy of Balance.
 You were piously aligned.
 You were magic-protected.
 You were fire resistant.
 You were cold resistant.
 You were sleep resistant.
 You were shock resistant.
 You were poison resistant.
 You could see.
 You saw invisible.
 You were warned.
 You were invisible to others.
 You were displaced.
 You were stealthy.
 You caused conflict.
 You had teleport control.
 You were warded.
 You took half spell damage.
 You were very fast.
 You had reflection.
 You had free action.
 You were extremely lucky.
 You had extra luck.
 Good luck did not time out for you.
 You survived.

Miscellaneous:
 You didn't encounter any bones levels.
 Total elapsed playing time was 23 hours, 49 minutes and 6 seconds.

Major events:
 Turn
    1: Gadzook the neutral male human Wizard entered the dungeon
  549: entered the Gnomish Mines
  767: attained the rank of Conjurer (level 3)
 1527: attained the rank of Thaumaturge (level 6)
 1960: reached Mine Town
 2184: made his first wish - "blessed greased fixed +2 silver dragon scale mail", got "a greased silver dragon scale mail"
 2703: read a Discworld novel
 3558: was bestowed with Magicbane by Thoth
 4404: made his first artifact wish - "blessed fixed the eyes of the overworld", got "a pair of lenses named the Eyes of the Overworld"
 7345: acquired the Mines' End luckstone
 8223: was bestowed with Vorpal Blade by Thoth
 9305: attained the rank of Magician (level 10)
 9323: entered Sokoban
 9935: completed 1st Sokoban level
10825: completed 2nd Sokoban level
11961: completed 3rd Sokoban level
12720: completed 4th Sokoban level
12921: acquired the Sokoban bag of holding
24364: killed Croesus
24481: performed his first genocide (rust monsters)
30951: became Thoth's Envoy of Balance
30951: was bestowed with spellbook of finger of death
38187: attained the rank of Enchanter (level 14)
38928: entered Home 1, the Quest
39208: Neferet the Green has granted access to proceed deeper into the quest
39223: entered Home 2, the Quest
39286: entered Home 3, the Quest
40091: entered Home 4, the Quest
40242: entered Home 5, the Quest
40553: found the Eye of the Aethiopica on the floor
40555: killed the Dark One
40556: acquired the Bell of Opening
43124: attained the rank of Sorcerer (level 18)
45796: killed Medusa
46483: found Sunsword carried by a monster
47763: genocided class L
49372: entered Gehennom
51103: wished for "magic marker", got "a magic marker"
53392: wished for "magic marker", got "a magic marker"
55538: genocided class h
55538: genocided class R
56157: wished for "blessed greased fixed +2 boots of speed", got "a greased pair of hiking boots"
59540: attained the rank of Necromancer (level 22)
62366: bribed Asmodeus with 1027 zorkmids for safe passage
63405: attained the rank of Wizard (level 26)
63802: killed Juiblex
64221: killed Baalzebub
66311: destroyed Vlad the Impaler
66316: acquired the Candelabrum of Invocation
66767: killed Orcus
71060: wished for "magic marker", got "a magic marker"
71526: attained the rank of Mage (level 30)
72780: killed the Wizard of Yendor
72789: acquired the Book of the Dead
72989: performed the invocation
73229: killed the high priestess of Moloch
73234: acquired The Amulet of Yendor
73235: wished for "blessed ring of conflict", got "a ring of conflict"
73605: killed the Wizard of Yendor (2nd time)
74629: entered the Elemental Planes
74629: entered Plane of Earth
74630: killed the Wizard of Yendor (3rd time)
74662: entered Plane of Air
74700: entered Plane of Fire
74724: entered Plane of Water
74725: genocided class ;
74764: entered the Astral Plane
74769: found Giantslayer carried by a monster
74779: killed Famine
74799: killed Famine (2nd time)
74819: killed Famine (3rd time)
74862: killed Pestilence
74872: found Fire Brand carried by a monster
74890: Pestilence has been killed (2nd time)
74905: killed the high priest of Thoth
74906: ascended

Spells:
 Name                 Level Category     Fail Retention
 force bolt             1   attack         0%   43%-44%
 magic missile          2   attack         0%   43%-44%
 chain lightning        2   attack         0%   83%-84%
 cone of cold           4   attack         0%   83%-84%
 fireball               4   attack         0%   43%-44%
 finger of death        7   attack         0%   83%-84%
 healing                1   healing        0%   41%-50%
 cure blindness         2   healing        0%    (gone)
 cure sickness          3   healing        0%   11%-20%
 stone to flesh         3   healing        0%   81%-90%
 restore ability        4   healing        0%   61%-70%
 detect monsters        1   divination     0%   81%-85%
 light                  1   divination     0%    (gone)
 detect food            2   divination     0%    (gone)
 clairvoyance           3   divination     0%   41%-45%
 detect unseen          3   divination     0%    (gone)
 identify               3   divination     0%   81%-85%
 confuse monster        1   enchantment    0%   41%-50%
 slow monster           2   enchantment    0%   41%-50%
 charm monster          5   enchantment    0%   81%-90%
 create monster         2   clerical       0%    (gone)
 remove curse           3   clerical       0%   81%-85%
 jumping                1   escape         0%   83%-84%
 haste self             3   escape         0%   83%-84%
 levitation             4   escape         0%   83%-84%
 teleport away          6   escape         0%   83%-84%
 knock                  1   matter         0%   83%-84%
 dig                    5   matter         0%   83%-84%
 polymorph              6   matter         0%   85%-86%

Skills:
 Fighting Skills
   bare handed combat [Unskilled]
   riding             [Unskilled]
 Weapon Skills
   dagger             [Expert]
   knife              [Unskilled]
   axe                [Unskilled]
   short sword        [Unskilled]
   long sword         [Unskilled]
   club               [Unskilled]
   mace               [Unskilled]
   quarterstaff       [Basic]
   polearms           [Unskilled]
   spear              [Unskilled]
   trident            [Unskilled]
   sling              [Unskilled]
   dart               [Unskilled]
   shuriken           [Unskilled]
 Spellcasting Skills
   attack spells      [Expert]
   healing spells     [Basic]
   divination spells  [Skilled]
   enchantment spells [Basic]
   clerical spells    [Skilled]
   escape spells      [Expert]
   matter spells      [Expert]

Voluntary challenges:
 Character rerolling was not enabled.
 You genocided 19 types of monsters.
 You used 7 wishes (1 for an artifact).
 You violated the special Sokoban rules twice.
Achievements:
 You entered the Gnomish Mines.
 You attained the rank of Conjurer.
 You attained the rank of Thaumaturge.
 You entered Minetown.
 You entered a shop.
 You entered a temple.
 You read from a Discworld novel.
 You completed the Gnomish Mines.
 You attained the rank of Magician.
 You entered Sokoban.
 You completed Sokoban.
 You learned the tune to open and close the Castle's drawbridge.
 You attained the rank of Enchanter.
 You had the Bell of Opening.
 You attained the rank of Sorcerer.
 You defeated Medusa.
 You entered Gehennom.
 You attained the rank of Necromancer.
 You attained the rank of Wizard.
 You had the Candelabrum of Invocation.
 You attained the rank of Mage.
 You had the Book of the Dead.
 You gained access to Moloch's Sanctum.
 You reached the Elemental Planes.
 You reached the Astral Plane.
 You delivered the Amulet of Yendor.
 You ascended!

 The Elemental Planes:
    Astral Plane: <- You are here.
       Some temples and some altars.
    Plane of Water:
    Plane of Fire:
    Plane of Air:
    Plane of Earth:
 The Dungeons of Doom: levels 1 to 27
    Level 1:
       A grave.
       One way stairs up to The Elemental Planes.
    Level 2:
       Stairs down to The Gnomish Mines.
    Level 3:
       An altar to Thoth, a sink.
    Level 4:
       A potion shop.
    Level 5:
    Level 6:
       Oracle of Delphi.
    Level 7:
       Stairs up to Sokoban, level 6.
    Level 8:
    Level 9:
    Level 10:
    Level 11:
       A scroll shop.
    Level 12:
       Portal to The Quest.
    Level 13:
    Level 14:
       A fountain, a grave.
       Portal to Fort Ludios.
    Level 15:
       A temple and an altar to Thoth, a fountain, a grave.
    Level 16:
       A primitive area.
    Level 17:
       Some sinks.
    Level 18:
       A temple and an altar, some fountains.
    Level 19:
       A grave.
    Level 20:
       An altar to Thoth.
    Level 21:
       A fountain, a sink, a grave.
    Level 22:
    Level 23:
       A fountain.
    Level 24:
       A fountain, many trees.
    Level 25:
    Level 26:
    Level 27:
       A fountain.
       The castle.
       Connection to Gehennom.
 Gehennom: levels 28 to 47
    Level 28:
       A temple and an altar, many graves.
       Valley of the Dead.
    Level 29:
    Level 30:
    Level 31:
    Level 32:
    Level 33:
    Level 34:
       A fountain.
    Level 35:
    Level 36:
    Level 37:
    Level 38:
    Level 39:
    Level 40:
       Stairs up to Vlad's Tower, level 39.
    Level 41:
       Some shops, an altar, some graves.
    Level 42:
    Level 43:
    Level 44:
    Level 45:
    Level 46:
    Level 47:
       A temple and an altar, many graves.
       Moloch's Sanctum.
 The Gnomish Mines: levels 3 to 10
    Level 3:
    Level 4:
    Level 5:
    Level 6:
       Many shops, a temple and an altar, some fountains.
    Level 7:
    Level 8:
    Level 9:
    Level 10:
 The Quest: levels 1 to 5
    Level 1:
       Completed quest for Neferet the Green.
    Level 2:
    Level 3:
    Level 4:
    Level 5:
       A temple and an altar to Thoth.
 Sokoban: levels 6 up to 3
    Level 3:
       Solved.
    Level 4:
       Solved.
    Level 5:
       Solved.
    Level 6:
       Solved.
 Fort Ludios:
    Level 1:
       Fort Ludios.
 Vlad's Tower: levels 39 up to 37
    Level 37:
       A throne.
    Level 38:
    Level 39:


Vanquished creatures:
    Baalzebub
    Orcus
  3 erinyes
    Juiblex
the Wizard of Yendor (thrice)
    Pestilence (twice)
    Famine (4 times)
    Vlad the Impaler
  2 high clerics
  4 mastodons
    Medusa
    Croesus
 16 krakens
  8 iron golems
  4 storm giants
  2 titans
  5 glass golems
 11 balrogs
  7 purple worms
  2 gold dragons
  2 silver dragons
 11 red dragons
  2 white dragons
  2 orange dragons
  5 black dragons
  5 blue dragons
  7 green dragons
  6 yellow dragons
 19 minotaurs
  6 jabberwocks
the Dark One
  9 baluchitheria
 13 Angels
  a demilich
  3 stone golems
 11 Olog-hai
  5 Nazgul
  6 pit fiends
  3 sandestins
 11 hell hounds
  3 displacer beasts
  5 titanotheres
  2 trappers
  a baby gold dragon
  3 baby red dragons
  4 guardian nagas
  2 genetic engineers
  2 disenchanters
 34 vampire leaders
 12 skeletons
 19 aligned clerics
  6 captains
  6 shades
  6 liches
  6 clay golems
 13 nurses
 11 ice devils
 13 nalfeshnees
  4 lurkers above
  5 Aleaxes
  5 frost giants
  6 ettins
  2 golden nagas
  9 black puddings
 35 vampires
  8 lieutenants
 36 ghosts
  a tourist
  4 queen bees
  4 winged gargoyles
  a mind flayer
 12 giant mimics
  9 long worms
  9 zruties
 14 fire giants
 20 ogre tyrants
 17 ice trolls
  5 rock trolls
  7 umber hulks
 10 flesh golems
  6 elven monarchs
  5 doppelgangers
 21 hezrous
 27 bone devils
  9 large mimics
  4 wumpuses
  4 fire vortices
  5 couatls
 16 stalkers
  5 air elementals
  8 fire elementals
  4 earth elementals
  a water elemental
 17 hill giants
  4 giant mummies
  a black naga
 17 xorns
 20 giant zombies
 18 elf-nobles
 22 sergeants
  a water demon
 10 barbed devils
 35 vrocks
  3 salamanders
 22 wargs
  3 winter wolves
 11 hell hound pups
 23 small mimics
  2 glass piercers
  7 warhorses
 11 steam vortices
 15 xans
  8 ettin mummies
 11 ogre leaders
 14 quantum mechanics
 21 trolls
  4 sasquatches
  3 wood golems
  7 mariliths
  9 sharks
  8 electric eels
 14 gelatinous cubes
  8 pyrolisks
  a large dog
  8 freezing spheres
  9 flaming spheres
 12 shocking spheres
 13 tigers
 10 gargoyles
  2 dwarf rulers
 18 tengu
 11 ochre jellies
  5 leocrottas
  7 mountain centaurs
 10 stone giants
  4 elf mummies
  5 human mummies
  7 red nagas
  a green slime
  6 pythons
  3 pit vipers
  3 cobras
 49 wraiths
  6 carnivorous apes
 19 ettin zombies
  5 leather golems
 18 Grey-elves
118 soldiers
  a watchman
  8 amorous demons
  6 horned devils
  4 chameleons
  5 crocodiles
 44 giant beetles
 10 quivering blobs
 25 cockatrices
  8 wolves
 10 winter wolf cubs
  7 lynxes
  2 panthers
 43 gremlins
  5 spotted jellies
 74 leprechauns
  6 orc-captains
  8 iron piercers
  6 mumakil
 11 giant spiders
 10 scorpions
  3 horses
 an ice vortex
  a baby long worm
 21 black lights
 64 vampire bats
  8 forest centaurs
  9 gnome rulers
  5 orc mummies
  7 dwarf mummies
 13 ogres
  8 brown puddings
  a rust monster
 24 owlbears
  6 yetis
  8 gold golems
  8 werewolves
 18 Green-elves
  7 piranha
 23 giant eels
 23 lizards
 10 chickatrices
  3 dingoes
  3 dogs
  2 housecats
  5 jaguars
  4 dwarf leaders
  6 blue jellies
  9 white unicorns
  a gray unicorn
 10 black unicorns
  7 dust vortices
 42 ravens
  4 plains centaurs
  3 gnome mummies
 10 snakes
  4 apes
 18 human zombies
  5 rope golems
 20 Woodland-elves
 53 soldier ants
 20 fire ants
 16 bugbears
  8 imps
  3 lemures
 14 quasits
  7 wood nymphs
 10 water nymphs
 10 mountain nymphs
 21 Mordor orcs
 36 Uruk-hai
  5 orc shamans
 13 rock piercers
  9 rock moles
  2 ponies
  7 fog clouds
 13 yellow lights
  5 shriekers
  5 violet fungi
 25 gnome leaders
 13 gnomish wizards
  3 kobold mummies
  a red naga hatchling
  5 gray oozes
 12 barrow wights
 20 elf zombies
 15 ghouls
  3 straw golems
  5 paper golems
  7 jellyfish
 81 giant ants
  2 little dogs
 11 floating eyes
  3 kittens
 27 dwarves
 17 homunculi
  2 kobold leaders
  2 kobold shamans
 16 hill orcs
 34 rothes
  6 rabid rats
  4 centipedes
 15 giant bats
  4 monkeys
 15 orc zombies
 19 dwarf zombies
  4 wererats
  6 werejackals
 17 iguanas
108 killer bees
  6 acid blobs
 15 coyotes
  3 gas spores
 11 hobbits
 10 manes
  5 large kobolds
 16 hobgoblins
  4 giant rats
 18 cave spiders
  4 brown molds
  6 yellow molds
  5 green molds
  4 red molds
 69 gnomes
 10 garter snakes
 18 gnome zombies
 11 geckos
 17 jackals
  a fox
  6 kobolds
  6 goblins
  6 sewer rats
 11 grid bugs
 12 bats
 12 lichens
  8 kobold zombies
 18 newts
3180 creatures vanquished.

Genocided or extinct species:
 erinyes (extinct)
 arch-liches
 krakens
 master liches
 demiliches
 master mind flayers
 disenchanters
 liches
 mind flayers
 sharks
 electric eels
 dwarf rulers
 rust monsters
 piranha
 giant eels
 dwarf leaders
 bugbears
 jellyfish
 dwarves
 hobbits
19 species genocided.
1 species extinct.

Goodbye Gadzook the Demigod...

You went to your reward with 3720232 points,
The Candelabrum of Invocation (worth 5000 zorkmids and 12500 points)
The Eyes of the Overworld (worth 2500 zorkmids and 6250 points)
The Eye of the Aethiopica (worth 4000 zorkmids and 10000 points)
The Bell of Opening (worth 5000 zorkmids and 12500 points)
The Book of the Dead (worth 10000 zorkmids and 25000 points)
Magicbane (worth 3500 zorkmids and 8750 points)
      10 diamonds (worth 40000 zorkmids),
       1 amulet of life saving (worth 150 zorkmids),
and 1 piece of gold, after 74906 moves.
You were level 30 with a maximum of 230 hit points when you ascended.

